 Dungeon Crawl Stone Soup version 0.28.0 (webtiles) character file.

Game seed: 11470677405677846305

20497 Dorkslayer the Carver (level 12, -6/92 HPs)
             Began as a Demonspawn Fighter on Sept 15, 2022.
             Was an Initiate of Gozag.
             Killed from afar by a wretched star (17 damage)
             ... with a lance of force
             ... on level 3 of the Abyss.
             The game lasted 00:32:58 (10458 turns).

Dorkslayer the Carver (Demonspawn Fighter)         Turns: 10458, Time: 00:32:59

Health: -6/92      AC: 19    Str: 21    XL:     12   Next: 45%
Magic:  13/13      EV:  9    Int: 10    God:    Gozag
Gold:   1439       SH: 11    Dex: 19    Spells: 11/11 levels left

rFire   . . .      SeeInvis .   J - +3 scimitar (flame)
rCold   . . .      Faith    .   c - +1 buckler
rNeg    . . .      Spirit   .   e - +5 plate armour of the Arcane {Fly rElec rCorr Slay+3}
rPois   +          Reflect  .   (no helmet)
rElec   +          Harm     .   (no cloak)
rCorr   +          Rampage  .   s - +0 pair of gloves
Will    .....                   (boots unavailable)
Stlth   ..........              (no amulet)
HPRegen 0.25/turn               n - +6 ring of dexterity
MPRegen 0.13/turn               y - ring of poison resistance

@: about to teleport, flying
A: hooves 3, large bone plates 1, foul stench 1, icemail 1, condensation shield
a: Renounce Religion, Potion Petition, Call Merchant, Bribe Branch


You were on level 3 of the Abyss.
You worshipped Gozag.
Gozag was most pleased with you.
You visited 2 branches of the dungeon, and saw 11 of its levels.
You visited the Abyss 1 time.
You also visited: Bailey.

You collected 1584 gold pieces.
You paid 145 gold pieces to Gozag.

Inventory:

Hand Weapons
 A - a +1 vorpal long sword
 E - a +2 long sword of protection
 G - the +8 hand axe of Ointment {vamp, *Slow rPois Will++ Str+3}
   (You found it on level 10 of the Dungeon)

   It occasionally heals its wielder for a portion of the damage dealt when it
   wounds a living foe.
   Str:       It affects your strength (+3).
   rPois:     It protects you from poison.
   *Slow:     It may slow you when you take damage.
   Will:      It greatly increases your willpower.
 J - a +3 scimitar of flaming (weapon)
Missiles
 F - 2 boomerangs (quivered)
Armour
 c - a +1 buckler (worn)
 e - the +5 plate armour of the Arcane (worn) {Fly rElec rCorr Slay+3}
   (You acquired it on level 6 of the Dungeon)

   Slay:      It affects your accuracy & damage with ranged weapons and melee
   (+3).
   rElec:     It insulates you from electricity.
   Fly:       It grants you flight.
   rCorr:     It protects you from acid and corrosion.
 h - a +0 pair of boots
 s - a +0 pair of gloves (worn)
Jewellery
 f - a ring of positive energy
 n - a +6 ring of dexterity (left hand)
 y - a ring of poison resistance (right hand)
Wands
 b - a wand of iceblast (22)
 j - a wand of polymorph (8)
 o - a wand of flame (7)
 u - a wand of acid (11)
 v - a wand of paralysis (3)
 C - a wand of charming (1)
Scrolls
 a - a scroll of enchant armour
 q - 2 scrolls of teleportation
 x - 6 scrolls of fog
 D - a scroll of amnesia
 H - a scroll of summoning
 I - a scroll of fear
Potions
 d - a potion of might
 g - a potion of mutation {unknown}
 i - a potion of cancellation {unknown}
 k - 2 potions of magic
 l - 4 potions of invisibility {unknown}
 m - a potion of curing
 p - a potion of haste
 r - a potion of lignification
 w - a potion of berserk rage
 z - a potion of attraction {unknown}
 B - a potion of ambrosia {unknown}


   Skills:
 * Level 7.6 Fighting
 + Level 9.6 Long Blades
 + Level 1.6(2.0) Axes
 + Level 1.6(2.0) Maces & Flails
 + Level 2.0 Throwing
 + Level 6.4 Armour
 * Level 7.4 Dodging
 + Level 4.2 Stealth
 + Level 7.3 Shields
 + Level 2.5 Invocations
 * Level 7.1 Evocations


You had 11 spell levels left.
You didn't know any spells.
Your spell library contained the following spells:

 Spells                   Type           Power      Damage    Failure   Level
 Ensorcelled Hibernation  Hex/Ice        0%         N/A       100%        2
 Passwall                 Tmut/Erth      0%         N/A       100%        2
 Dazzling Flash           Conj/Hex       0%         N/A       100%        3
 Animate Armour           Summ/Erth      0%         N/A       100%        4
 Borgnjor's Vile Clutch   Necr/Erth      0%         N/A       100%        5
 Lee's Rapid Deconstruct  Erth           0%         3d5*      100%        5
 Statue Form              Tmut/Erth      0%         N/A       100%        6


Dungeon Overview and Level Annotations

Branches:
Dungeon (10/15)            Temple (1/1) D:7            Lair (0/6) D:9
 Bailey (visited)
    Orc: D:9-12

Altars:
Ashenzari
Cheibriados
Dithmenos
Elyvilon
Fedhas
Gozag
Hepliaklqana
Kikubaaqudgha
Makhleb
Nemelex Xobeh
Okawaru
Ru
Sif Muna
Trog
Uskayaw
Vehumet
Wu Jian
Xom
Yredelemnul
Zin
The Shining One

Shops:
D:6 (

Annotations:
D:10 Erolcha


Innate Abilities, Weirdness & Mutations

You have hooves in place of feet.
You are partially covered in large bone plates. (SH +4)
You may rarely emit foul miasma when damaged in melee.
A meltable icy envelope protects you from harm. (AC +0)
A meltable shield of frost defends you. (SH +0)


Message History

The spatial maelstrom barely misses you.
You slash the spatial maelstrom! You kick the spatial maelstrom.
The spatial maelstrom is moderately damaged.
You block the spatial maelstrom's attack.
The spatial maelstrom hits you but does no damage.
The spatial maelstrom barely misses you.
The spatial maelstrom hits you but does no damage.
The spatial maelstrom barely misses you.
You block the spatial maelstrom's attack.
The spatial maelstrom hits you but does no damage. x2
You block the spatial maelstrom's attack.
The spatial maelstrom hits you but does no damage.
A spatial vortex comes into view.
A spatial vortex comes into view.
The spatial maelstrom hits you but does no damage.
You block the spatial maelstrom's attack.
The spatial vortex moves out of view.
A spatial vortex comes into view.
You are suddenly pulled into a different region of the Abyss!
Found a corrupted altar of Lugonu.
A wretched star comes into view.
The wretched star glows turbulently.
The lance of force hits you.
* * * LOW HITPOINT WARNING * * *
You are knocked back by the lance of force.
As you read the scroll of teleportation, it crumbles to dust.
You feel strangely unstable.
You feel the power of the Abyss delaying your translocation!
A smoke demon comes into view.
The smoke demon roars!
You hear a chilling moan. x2
A hellwing comes into view.
The hellwing gives a chilling moan.
The smoke demon gestures at you. The ball of steam hits you!
Your icy defenses dissipate!
* * * LOW HITPOINT WARNING * * *
The wretched star glows turbulently.
The lance of force hits you!
You die...
Your body crumbles into a pile of gold.

#.## #... ... #..#
.... ..# ..# ...
...#. #.##.....
#....4... #@3#
.≈≈≈ #..# .#≈ .
#####..# ..≈. ####
#....*.## . ... .
#.####...# #.#.. #
#.###..### .... .
# ........# #.
###.....
#.....##..# .....
.
##...#.##.########
.#.


You could see a wretched star, a hellwing and a smoke demon.

Vanquished Creatures
  A tentacled starspawn (Abyss:3)
  An orc warlord (Bailey)
  3 two-headed ogres (D:9)
  A centaur warrior (D:9)
  A wretched star (Abyss:2)
  4 orc knights (Bailey)
  A gargoyle (D:9)
  A freezing wraith (Abyss:2)
  An efreet (Abyss:2)
  A troll (D:7)
  5 raiju (Abyss:2)
  8 yaks
  A steam dragon (D:9)
  A water moccasin (D:8)
  3 ice beasts
  2 sky beasts
  3 black bears (D:9)
  A hornet zombie (D:9)
  8 orc warriors
  4 ogres
  A wolf (D:8)
  3 centaurs
  A phantom (D:6)
  2 kobold brigands
  3 bullfrogs
  A scorpion (D:7)
  2 water moccasin zombies
  A small abomination (Abyss:2)
  A hornet simulacrum (D:8)
  6 killer bees (D:10)
  5 howler monkeys
  5 electric eels (D:8)
  2 centaur zombies
  3 hounds
  4 jellies
  5 orc priests
  A quasit (Abyss:2)
  2 bullfrog skeletons (D:5)
  A centaur skeleton (D:5)
  4 iguanas
  Natasha (D:2)
  4 orc wizards
  A centaur simulacrum (D:8)
  4 gnolls (Bailey)
  5 adders
  A shadow imp (D:5)
  4 white imps
  A howler monkey simulacrum (D:8)
  3 ufetubi
  37 orcs
  9 ball pythons
  5 bats
  9 endoplasms
  3 giant cockroaches
  17 goblins
  10 hobgoblins
  6 jackals
  3 quokkas
  3 frilled lizards
  14 kobolds
  4 rats
248 creatures vanquished.

Vanquished Creatures (others)
  An orc warrior (Bailey)
  11 fungi (D:9)
  26 plants
  5 starspawn tentacles (Abyss:3)
43 creatures vanquished.

Grand Total: 291 creatures vanquished

Notes
Turn   | Place    | Note
-------+----------+-------------------------------------------
     0 | D:1      | Dorkslayer the Demonspawn Fighter began the quest for the
                  | Orb.
     0 | D:1      | Reached XP level 1. HP: 18/18 MP: 1/1
   232 | D:1      | Gained mutation: You have large cloven feet. [demonic
                  | ancestry]
   232 | D:1      | Reached XP level 2. HP: 21/24 MP: 2/2
   235 | D:1      | Reached skill level 2 in Long Blades
   960 | D:2      | Found a faded altar of an unknown god.
   987 | D:2      | Gained mutation: You are partially covered in large bone
                  | plates. (SH +4) [demonic ancestry]
   987 | D:2      | Reached XP level 3. HP: 16/29 MP: 3/3
  1139 | D:2      | Reached skill level 1 in Dodging
  1190 | D:2      | Noticed Natasha
  1197 | D:2      | Killed Natasha
  1349 | D:2      | Gained mutation: A meltable shield of frost defends you.
                  | (SH +0) [demonic ancestry]
  1349 | D:2      | Reached XP level 4. HP: 18/35 MP: 4/4
  2493 | D:3      | Gained mutation: A meltable icy envelope protects you from
                  | harm. (AC +0) [demonic ancestry]
  2493 | D:3      | Reached XP level 5. HP: 40/41 MP: 5/5
  2738 | D:4      | Noticed a centaur
  2745 | D:4      | Killed a centaur
  2746 | D:4      | Reached skill level 3 in Long Blades
  2958 | D:4      | Reached XP level 6. HP: 44/47 MP: 6/6
  4000 | D:5      | Entered Level 5 of the Dungeon
  4260 | D:5      | Reached skill level 4 in Long Blades
  4324 | D:5      | Reached XP level 7. HP: 52/53 MP: 7/7
  4994 | D:6      | Reached skill level 5 in Long Blades
  5029 | D:6      | Reached XP level 8. HP: 57/60 MP: 8/8
  5074 | D:6      | Found Fyrod's Weapon Emporium.
  5135 | D:6      | Identified the +1 scale mail of Gomuicse {Str+5}
  5216 | D:6      | Reached skill level 1 in Evocations
  5485 | D:6      | Reached skill level 6 in Long Blades
  5759 | D:6      | Identified a scroll of acquirement
  5759 | D:6      | Acquired the +5 plate armour of the Arcane {Fly rElec rCorr
                  | Slay+3}
  5851 | D:7      | Got the Guide on the Mountains
  6084 | D:7      | Reached skill level 5 in Shields
  6489 | D:7      | Found a staircase to the Ecumenical Temple.
  6495 | Temple   | Entered the Ecumenical Temple
  6613 | Temple   | Became a worshipper of Gozag Ym Sagoz the Greedy
  6854 | D:7      | Gained mutation: You may rarely emit foul miasma when
                  | damaged in melee. [demonic ancestry]
  6854 | D:7      | Reached XP level 9. HP: 66/66 MP: 9/9
  6938 | D:7      | Noticed a troll
  6943 | D:7      | Killed a troll
  7166 | D:8      | Got the Papyrus of Bewitchment and the Mountains
  7198 | D:8      | Found a snail-covered altar of Cheibriados.
  7222 | D:8      | Reached skill level 7 in Long Blades
  7354 | D:8      | Reached skill level 5 in Armour
  7354 | D:8      | Reached skill level 5 in Dodging
  7534 | D:8      | Reached skill level 5 in Fighting
  8190 | D:9      | Gained mutation: You have hoof-like feet. [demonic
                  | ancestry]
  8190 | D:9      | Reached XP level 10. HP: 63/74 MP: 10/10
  8243 | D:9      | Reached skill level 8 in Long Blades
  8289 | D:9      | Found a staircase to the Lair.
  8374 | D:9      | Noticed a centaur warrior
  8376 | D:9      | Noticed a gargoyle
  8394 | D:9      | Killed a gargoyle
  8395 | D:9      | Reached skill level 1 in Stealth
  8395 | D:9      | Reached skill level 5 in Evocations
  8403 | D:9      | Killed a centaur warrior
  8628 | D:9      | Noticed a two-headed ogre
  8636 | D:9      | Killed a two-headed ogre
  8802 | D:9      | Noticed a two-headed ogre
  8815 | D:9      | Killed a two-headed ogre
  8983 | D:9      | Noticed a two-headed ogre
  8993 | D:9      | Killed a two-headed ogre
  8994 | D:9      | Reached XP level 11. HP: 69/83 MP: 11/11
  9339 | D:10     | Entered Level 10 of the Dungeon
  9339 | D:10     | Found a flagged portal.
  9343 | D:10     | Identified the +8 hand axe of Ointment {vamp, *Slow rPois
                  | Will++ Str+3}
  9347 | Bailey   | Entered a bailey
  9375 | Bailey   | Noticed an orc knight
  9395 | Bailey   | Killed an orc knight
  9396 | Bailey   | Reached skill level 9 in Long Blades
  9414 | Bailey   | Noticed an orc knight
  9418 | Bailey   | Noticed an orc knight
  9427 | Bailey   | Killed an orc knight
  9449 | Bailey   | Killed an orc knight
  9604 | Bailey   | Noticed an orc knight
  9648 | Bailey   | Killed an orc knight
  9759 | Bailey   | Noticed an orc warlord
  9782 | Bailey   | Killed an orc warlord
  9790 | Bailey   | Reached skill level 1 in Axes
  9790 | Bailey   | Reached skill level 1 in Maces & Flails
  9790 | Bailey   | Reached skill level 1 in Throwing
  9790 | Bailey   | Gained mutation: You have hooves in place of feet. [demonic
                  | ancestry]
  9790 | Bailey   | Reached XP level 12. HP: 84/92 MP: 11/13
 10091 | D:10     | Noticed Erolcha
 10091 | D:10     | Cast into level 2 of the Abyss (Erolcha)
 10203 | Abyss:2  | Noticed a bone dragon
 10349 | Abyss:3  | Found a corrupted altar of Lugonu.
 10383 | Abyss:3  | Noticed a tentacled starspawn
 10404 | Abyss:3  | HP: 4/92 [tentacled starspawn (24)]
 10407 | Abyss:3  | Killed a tentacled starspawn
 10420 | Abyss:3  | Noticed a rakshasa
 10422 | Abyss:3  | Found a corrupted altar of Lugonu.
 10458 | Abyss:3  | Killed from afar by a wretched star

Illustrated notes

Levels and vault maps discovered:
D:1:      matt_arrival_diagonals, layout_loops_corners, nrook_uturn
D:2:      layout_rooms, nicolae_ecumenical_pavilion, uniq_natasha
D:3:      layout_loops_ring
D:4:      layout_layer_cave, serial_glass, glass_columns_c, glass_columns_a
D:5:      layout_rooms, chequers_big_river
D:6:      layout_loops_cross, serial_shops, shop
D:7:      layout_loops_corners, minmay_temple_entry_gardened_gates
D:8:      layout_basic, cheibriados_altar_1, serial_ice, serial_ice_m,
          serial_ice_k, serial_ice_f, serial_ice_g, minmay_misc_feat_plants,
          serial_bayou_lagoon_a, kennysheep_generic_room_9
D:9:      layout_loops_cross, grunt_lair_entry_orc_guard_hut,
          lightli_fourway_metalbox
D:10:     layout_stronghold, enter_bailey_2, uniq_erolcha
Temple:   mainiacjoe_temple_archimedes_tessellation
Abyss:3:  base: D:1, base: D:6, base: D:8, evilmike_abyss_exit_glass,
          gammafunk_abyss_exit_x_factor

Skill      XL: |  1  2  3  4  5  6  7  8  9 10 11 12 |
---------------+-------------------------------------+-----
Long Blades    | 2 3 4 5 6 7 8 9 |  9.6
Shields        | 3 4 5 6 7 |  7.3
Dodging        | 1 2 3 4 5 6 7 |  7.4
Armour         | 3 4 5 6 |  6.4
Fighting       | 4 5 6 7 |  7.6
Evocations     | 2 4 5 7 |  7.1
Stealth        | 2 4 |  4.2
Axes           | 1 |  1.6
Maces & Flails | 1 |  1.6
Throwing       | 1 2 |  2.0
Invocations    | 2 |  2.5

Action                   |  1- 3 |  4- 6 |  7- 9 | 10-12 || total
-------------------------+-------+-------+-------+-------++-------
Melee: Long sword        |    95 |   169 |   360 |   313 ||   937
       Kick              |     9 |    16 |       |    27 ||    52
       Scimitar          |       |       |       |    11 ||    11
Throw: Boomerang         |       |       |       |     5 ||     5
Evoke: Wand              |       |       |    12 |    25 ||    37
  Use: Scroll            |       |       |    18 |     5 ||    23
       Potion            |       |       |     1 |    11 ||    12
 Stab: Paralysed         |       |       |       |    19 ||    19
       Distracted        |       |       |       |     1 ||     1
Armor: Scale mail        |    50 |    41 |    13 |       ||   104
       Chain mail        |       |    29 |    46 |       ||    75
       Plate armour      |       |       |    98 |   109 ||   207
Dodge: Dodged            |    56 |    39 |    86 |    68 ||   249
Block: Buckler           |    39 |   127 |   216 |   191 ||   573
